AoeStats
← CharlesRamsayy

Arabia

509937074Analyzed
1v1 RM · 4d ago on Sep 28, 2026· 41m 26s· 2 players
Game mode
Random Map
Map size
Tiny (2 player)
Population
200
Speed
Normal
Resources
Standard
Victory
Conquest
Starting age
Dark Age
Ending age
Imperial Age
RankedLock teamsTeams togetherTeam positionsShared explorationLock speedFull tech treeHidden civsTurbo modeCheats
Victory
Defeat
🇸🇰 Saxons · Slovakia
1208
+15
🇵🇱 Ethiopians · Poland
1188
-15
Gafoi
6:25 Loom
9:25 Feudal Age
9:55 Double-Bit Axe
12:35 Horse Collar
20:49 Castle Age
20:25 Fletching
20:36 Padded Archer Armor
21:11 Town Watch
22:02 Wheelbarrow
21:12 Crossbowman
22:45 Bow Saw
22:36 Heavy Plow
24:22 Bodkin Arrow
27:09 Leather Archer Armor
30:46 Thumb Ring
33:22 Scale Mail Armor
33:32 Forging
36:58 Imperial Age
34:52 Chain Mail Armor
37:16 Arbalester
40:04 Plate Mail Armor
40:10 Iron Casting
40:07 Ring Archer Armor
41:55 Chemistry
41:15 Ballistics
CharlesRamsayy
7:08 Loom
9:29 Feudal Age
10:00 Double-Bit Axe
19:51 Castle Age
21:00 Bow Saw
20:59 Squires
21:35 Horse Collar
26:21 Wheelbarrow
26:09 Town Watch
26:50 Elite Skirmisher
28:28 Gold Mining
30:13 Gold Shaft Mining
30:02 Scale Mail Armor
34:14 Imperial Age
33:04 Chain Mail Armor
32:49 Fletching
35:19 Conscription
34:58 Bodkin Arrow
35:10 Elite Varangian Guard
38:59 Bracer
40:11 Plate Mail Armor
40:58 Forging
40:18 Elite Hearth Troop
Connection lost

Rejoining the realm…

Still unreachable

The connection could not be restored.

Session expired

The server has moved on; the page needs a fresh start.